 Dungeon Crawl Stone Soup version 0.29.0-4-gdea44cf6ec (webtiles) character file.

Game seed: 15584093972537018538

41 qw the Chopper (level 3, -2/23 HPs)
             Began as a Gargoyle Fighter on Sept 10, 2022.
             Slain by a gnoll
             ... wielding a +0 vorpal spear
              (3 damage)
             ... on level 3 of the Dungeon.
             The game lasted 00:00:34 (2116 turns).

qw the Chopper (Gargoyle Fighter)                   Turns: 2116, Time: 00:00:35

Health: -2/23      AC: 15    Str: 21    XL:     3   Next: 52%
Magic:  3/3        EV:  5    Int:  8    God:
Gold:   171        SH:  4    Dex:  9    Spells: 2/2 levels left

rFire   . . .      SeeInvis .   Y - +0 war axe
rCold   . . .      Faith    .   c - +0 buckler
rNeg    + . .      Spirit   .   i - +0 plate armour
rPois   inf        Reflect  .   (no helmet)
rElec   +          Harm     .   (no cloak)
rCorr   .          Rampage  .   (no gloves)
Will    .....                   e - +0 pair of boots
Stlth   ..........              (no amulet)
HPRegen 0.07/turn               (no ring)
MPRegen 0.08/turn               (no ring)

@: about to teleport
A: sickness immunity, AC +3, negative energy resistance 1, electricity
resistance, torment resistance 1, petrification resistance
a: no special abilities


You were on level 3 of the Dungeon.
You visited 1 branch of the dungeon, and saw 3 of its levels.

You collected 171 gold pieces.


Innate Abilities, Weirdness & Mutations

You are immune to sickness and miasma.
Your stone body is resilient. (AC +3)
You are immune to poison.
You resist negative energy. (rN+)
You are resistant to electric shocks. (rElec)
You are resistant to unholy torment.
You are immune to petrification.


   Skills:
 - Level 3.2 Fighting
 + Level 3.4 Axes
 - Level 3.2 Armour
 - Level 3.2 Shields


You had 2 spell levels left.
You didn't know any spells.
Your spell library was empty.

Inventory:

Hand Weapons
 h - a +0 whip
 Y - a +0 war axe (weapon)
Armour
 c - a +0 buckler (worn)
 e - a +0 pair of boots (worn)
 i - a +0 plate armour (worn)
Scrolls
 a - 2 scrolls of identify
Potions
 d - a potion of might
 g - a potion of lignification
 m - a potion of curing
 n - a potion of magic {unknown}
 o - a potion of degeneration {unknown}

Dungeon Overview and Level Annotations

Branches:
Dungeon (3/15)

Altars:


Message History

The gnoll shouts!
You hit the gnoll.
The gnoll is moderately wounded.
The gnoll barely misses you. The gnoll hits you but does no damage.
A gnoll comes into view. It is wielding a +0 spear.
You slash the gnoll!
You kill the gnoll!
You block the gnoll's attack.
A gnoll comes into view. It is wielding a +0 halberd.
A gnoll comes into view. It is wielding a +0 flail.
The gnoll shouts!
The gnoll hits you but does no damage.
A gnoll comes into view. It is wielding a +0 whip.
The gnoll hits you but does no damage.
Things that are here:
a +0 club; a gnoll corpse You barely miss the gnoll.
You hit the orc. The gnoll hits you with a +0 whip. You block the orc's attack.
The gnoll hits you from afar with a +0 vorpal spear.
The gnoll hits you but does no damage. x2
A rat comes into view.
The gnoll hits you from afar with a +0 vorpal spear.
You block the gnoll's attack. The orc barely misses you.
You slash the orc!
You kill the orc!
You completely miss the gnoll. The gnoll hits you with a +0 whip.
The gnoll hits you from afar with a +0 vorpal spear.
The gnoll hits you but does no damage.
2114 ||| READING scroll of teleportation.
As you read the scroll of teleportation, it crumbles to dust.
You feel strangely unstable. The gnoll hits you but does no damage.
You block the gnoll's attack. The gnoll hits you but does no damage.
You barely miss the gnoll. The gnoll hits you but does no damage.
You block the gnoll's attack. x2
You barely miss the gnoll. The gnoll hits you with a +0 whip.
The gnoll hits you from afar with a +0 vorpal spear.
You die...

########
##......##
##....:...#
#..........
#..........
#..@g).....
#..g.......
#.gggg.....
##.g......#
#.r.<....#
..........
.......###
#......##


You could see 7 gnolls and a rat.

Vanquished Creatures
  A gnoll (D:3)
  An orc (D:3)
  4 ball pythons (D:1)
  4 bats
  2 endoplasms
  A giant cockroach (D:2)
  3 goblins
  2 hobgoblins
  A quokka (D:2)
  2 frilled lizards
  4 kobolds
  4 rats
29 creatures vanquished.

Notes
Turn   | Place    | Note
-------+----------+-------------------------------------------
     0 | D:1      | qw the Gargoyle Fighter began the quest for the Orb.
     0 | D:1      | Reached XP level 1. HP: 14/14 MP: 1/1
     0 | D:1      | 0 ||| qw: Version: 0.1-a-116-g5d60599
     0 | D:1      | 0 ||| qw: Game counter: 7419
     0 | D:1      | 0 ||| qw: Always use a shield: true
     0 | D:1      | 0 ||| qw: God list: Okawaru
     0 | D:1      | 0 ||| qw: Allow faded altars: false
     0 | D:1      | 0 ||| qw: Do Orc after D:15 true
     0 | D:1      | 0 ||| qw: Do second Lair branch before Depths: true
     0 | D:1      | 0 ||| qw: Lair rune preference: random
     0 | D:1      | 0 ||| qw: Plans: Normal, Zot, God:TSO, Crypt, Tomb, Zig,
                  | Orb
     0 | D:1      | 0 ||| PLANNING D:1-11
   359 | D:1      | Reached XP level 2. HP: 19/19 MP: 2/2
  1099 | D:1      | 1099 ||| UPGRADING to +0 plate armour.
  1109 | D:1      | 1109 ||| DROPPING +0 scale mail.
  1110 | D:1      | 1110 ||| READING 2 scrolls labelled KUFICA HOUM.
  1111 | D:1      | 1111 ||| READING 2 scrolls labelled HIAZIO BIACY.
  1112 | D:1      | 1112 ||| READING scroll labelled QOEMARERIS.
  1113 | D:1      | 1113 ||| READING scroll labelled AXKIMOV KANATZ.
  1116 | D:1      | 1116 ||| DROPPING scroll of noise.
  1200 | D:2      | Reached skill level 3 in Axes
  1376 | D:2      | Reached XP level 3. HP: 20/23 MP: 3/3
  1866 | D:2      | 1866 ||| UPGRADING to +0 pair of boots.
  1871 | D:2      | 1871 ||| READING scroll labelled HAUSHUSTRAUZU.
  1972 | D:2      | 1972 ||| READING scroll labelled CAL CIARUJI.
  1973 | D:2      | 1973 ||| READING scroll labelled CEIRAU NAZUIB.
  1974 | D:2      | 1974 ||| DRINKING 2 silvery potions.
  1975 | D:2      | 1975 ||| READING 3 scrolls of identify.
  1975 | D:2      | 1975 ||| IDENTIFYING smoky inky potion
  1976 | D:2      | 1976 ||| READING 2 scrolls of identify.
  1976 | D:2      | 1976 ||| IDENTIFYING amethyst potion
  1977 | D:2      | 1977 ||| DROPPING potion of ambrosia.
  2005 | D:3      | 2005 ||| Stepping ~*~*~tactically~*~*~ (stealth).
  2113 | D:3      | HP: 5/23 [gnoll/+0 vorpal spear (2)]
  2114 | D:3      | 2114 ||| READING scroll of teleportation.
  2116 | D:3      | HP: 1/23 [gnoll/+0 whip (3)]
  2116 | D:3      | Slain by a gnoll

Levels and vault maps discovered:
D:1:      minmay_arrival_split_and_join, layout_basic,
          chequers_serial_rivers_large_a
D:2:      layout_loops_ring, amcnicky_mini_corridor_feature
D:3:      layout_rooms, ebering_ecumenical_altar_hall,
          wander_ebering_terrifying_dragon_lair

Skill      XL: |  1  2 |
---------------+-------+-----
Axes           | 2 3 |  3.4
Fighting       | |  3.2
Armour         | |  3.2
Shields        | |  3.2

Action                   || total
-------------------------++-------
Melee: War axe           ||    89
  Use: Scroll            ||    10
       Potion            ||     1
Armor: Scale mail        ||    30
       Plate armour      ||    19
Dodge: Dodged            ||    35
Block: Buckler           ||    25

Table legend:
 A = Non-vault XP
 B = Vault XP
 C = Vault XP percentage of total XP
 D = Non-vault monster count
 E = Vault monster count
 F = Vault count percentage of total count
                 A         B        C        D         E       F
            +---------+---------+-------+---------+---------+-------
      Total |      59 |       0 |   0.0 |      29 |       0 |   0.0
            +---------+---------+-------+---------+---------+-------
        D:1 |      26 |       0 |   0.0 |      16 |       0 |   0.0
        D:2 |      12 |       0 |   0.0 |       7 |       0 |   0.0
        D:3 |      21 |       0 |   0.0 |       6 |       0 |   0.0
            +---------+---------+-------+---------+---------+-------
